 Dungeon Crawl Stone Soup version 0.32-a0-918-g0f22ef8d61 (webtiles) character file.

Game seed: 6006040865540990675

16267 bronco the Thaumaturge (level 12, -4/96 HPs)
             Began as a Mountain Dwarf Monk on Apr 10, 2024.
             Was an Elder of Vehumet.
             Slain by Fannar
             ... wielding a +0 quarterstaff of freezing
              (5 damage)
             ... on level 12 of the Dungeon.
             The game lasted 00:42:18 (12860 turns).

bronco the Thaumaturge (Mountain Dwarf Monk)       Turns: 12860, Time: 00:42:20

Health: -4/96      AC: 12    Str: 21    XL:     12   Next: 8%
Magic:  3/24       EV: 11    Int: 15    God:    Vehumet [****..]
Gold:   615        SH:  5    Dex: 12    Spells: 12/28 levels left

rFire   . . .        H - +1 war axe (elec)
rCold   . . .        (no shield)
rNeg    . . .        B - +0 troll leather armour
rPois   .            t - +0 helmet
rElec   .            (no cloak)
rCorr   .            l - +2 pair of gloves
SInv    +            u - +2 pair of boots
Will    +....        p - amulet of reflection
Stlth   +            o - +6 ring of strength
HPRegen 1.16/turn    r - ring of see invisible
MPRegen 0.19/turn

%: reflection
@: brilliant, very slightly contaminated
A: runic magic, artefact enchanting
a: Renounce Religion


You were on level 12 of the Dungeon.
You worshipped Vehumet.
Vehumet was greatly pleased with you.
You visited 2 branches of the dungeon, and saw 13 of its levels.
You also visited: Bailey.

You collected 615 gold pieces.

Inventory:

Hand Weapons
 a - a +1 demon whip of venom
 b - a +0 arbalest
 E - a +0 broad axe
 H - a +1 war axe of electrocution (weapon)
Missiles
 c - 26 poisoned darts
 g - 4 javelins
 n - 11 boomerangs
 w - 45 stones
Armour
 l - a +2 pair of gloves (worn)
 q - a +0 chain mail
 t - a +0 helmet (worn)
 u - a +2 pair of boots (worn)
 y - a +1 ring mail of fire resistance
 B - a +0 troll leather armour (worn)
 G - a +2 robe of cold resistance
Jewellery
 d - a +4 ring of slaying
 j - a ring of wizardry
 o - a +6 ring of strength (left hand)
 p - an amulet of reflection (around neck)
 r - a ring of see invisible (right hand)
 C - the ring of Zamong {rPois rN+ Slay+3 Stlth+}
   (You acquired it on level 9 of the Dungeon)

   [ring of poison resistance]

   Slay+3:    It affects your accuracy & damage with ranged weapons and melee
   (+3).
   rPois:     It protects you from poison.
   rN+:       It protects you from negative energy.
   Stlth+:    It makes you more stealthy.
 L - a ring of magical power
 O - a ring of ice
Wands
 f - a wand of digging (4)
 k - a wand of paralysis (1)
 x - a wand of warping (25)
Scrolls
 i - 4 scrolls of teleportation
 F - a scroll of blinking
 J - a scroll of enchant weapon
Potions
 h - 2 potions of resistance
 m - 3 potions of degeneration
 s - a potion of might {unknown}
 v - a potion of haste
 A - 2 potions of lignification
 D - a potion of attraction
 K - a potion of magic {unknown}


   Skills:
 - Level 6.2 Fighting
 - Level 8.6 Axes
 - Level 8.0 Armour
 - Level 2.1 Dodging
 * Level 8.9 Spellcasting
 * Level 8.5 Conjurations
 * Level 8.2 Fire Magic
 - Level 4.7 Alchemy


You had 12 spell levels left.
You knew the following spells:

 Your Spells              Type           Power      Damage    Failure   Level
a - Magic Dart            Conj           100%       1d8       1%          1
b - Volatile Blastmotes   Fire/Tloc      56%        2d14      1%          3
c - Olgreb's Toxic Radia  Alch           31%        N/A       4%          4
d - Iskenderun's Mystic Conj/Tloc 29%            2d7        (+2d3     5%          4
e - Flame Wave            Conj/Fire      47%        2d12      1%          4

Your spell library contained the following spells:

 Spells                   Type           Power      Damage    Failure   Level
 Sting                    Conj/Alch      100%       1d9       1%          1
 Mercury Vapours          Alch/Air       40%        N/A       1%          2
 Lee's Rapid Deconstruct  Erth           5%         3d6*      58%         5
 Animate Armour           Summ/Erth      20%        N/A       73%         4
 Summon Lightning Spire   Summ/Air       10%        N/A       73%         4


Dungeon Overview and Level Annotations

Branches:
Dungeon (12/15)            Temple (1/1) D:4            Lair (0/5) D:11
    Orc (0/2) D:11         Bailey (visited)

Altars:
Cheibriados
Dithmenos
Elyvilon
Fedhas
Gozag
Hepliaklqana
Kikubaaqudgha
Makhleb
Nemelex Xobeh
Okawaru
Qazlal
Ru
Sif Muna
Trog
Uskayaw
Vehumet
Wu Jian
Xom
Yredelemnul
Zin
The Shining One
Jiyva

Shops:
D:4 [   D:8 (*(*

Annotations:
D:2 1 runed translucent door, Crazy Yiuf
D:8 Maurice
D:11 exclusion: oklob plant, Lodul
D:12 Fannar


Innate Abilities, Weirdness & Mutations

Your spellcasting is much less encumbered by armour.
You can use scrolls of enchantment on lesser artefacts.


Message History

Unknown command.
Unknown command.
Casting: Iskenderun's Mystic Blast (dangerous; 5% risk of failure)
Confirm with . or Enter, or press ? or * to list all spells.
Casting: Flame Wave (mildly dangerous; 1% risk of failure)
Press: ? - help, Dir - look around, f - activate You feel a surge of power!
You miscast Flame Wave.
You are very lightly contaminated with residual magic.
Nothing appears to happen.
Casting: Flame Wave (mildly dangerous; 1% risk of failure)
Confirm with . or Enter, or press ? or * to list all spells.
Casting: Flame Wave (mildly dangerous; 1% risk of failure)
Press: ? - help, Dir - look around, f - activate You feel a surge of power!
A wave of flame ripples out! (Press . to intensify the flame waves.) Fannar the Cold-Hearted comes into view.
They are wielding a +0 quarterstaff of freezing and wearing a +1 robe of cold resistance.
Unknown command.
A wave of flame ripples out!
The flame wave engulfs the vampire!
You destroy the vampire!
Vehumet accepts your kill.
You feel your power returning.
Fannar glares icily.
A wave of flame ripples out!
The flame wave engulfs Fannar!!
Fannar is burned terribly!
Fannar is moderately wounded.
Fannar murmurs some mystic words to themself.
You hit Fannar.
Fannar is moderately wounded.
Fannar hits you with a +0 quarterstaff of freezing.
* * * LOW HITPOINT WARNING * * *
Fannar freezes you.
* * * LOW HITPOINT WARNING * * *
You slash Fannar!
Fannar is heavily wounded.
Fannar hits you with a +0 quarterstaff of freezing.
* * * LOW HITPOINT WARNING * * *
Fannar freezes you.
* * * LOW HITPOINT WARNING * * *
Fannar hits you with a +0 quarterstaff of freezing.
You die...

#######
#.#####.......
#..e@.<..#
#).####..# #.
....# # ..###
... ..## ###


You could see Fannar.

Vanquished Creatures
  Josephine (D:10)
  2 vault guards (Bailey)
  4 two-headed ogres
  Amaemon (D:7)
  Pikel (D:8)
  An orange demon (D:8)
  A gargoyle (D:10)
  Maggie (D:7)
  2 kobold demonologists (D:9)
  A hornet (D:9)
  3 trolls
  A blink frog (Bailey)
  Prince Ribbit (D:6)
  8 yaks
  2 humans (Bailey)
  3 vampires
  5 wraiths
  Duvessa (D:7)
  2 acid dragons
  2 water moccasins
  3 orc warriors
  A sky beast (D:8)
  An ice beast (D:8)
  2 black bears
  8 centaurs
  A phantom (D:5)
  6 ogres
  A kobold brigand (D:8)
  4 lemures (D:8)
  14 bullfrogs
  6 scorpions
  13 wights
  Dowan (D:7)
  4 killer bees (D:7)
  A howler monkey (D:4)
  7 jellies
  A bombardier beetle (D:5)
  4 hounds
  3 gnoll boudas
  3 orc priests
  3 iguanas
  12 orc wizards
  A sleepcap (D:5)
  17 gnolls
  7 adders
  2 white imps (D:6)
  10 dart slugs
  A ribbon worm (D:2)
  39 orcs
  2 ball pythons (D:2)
  6 endoplasms
  16 goblins
  8 hobgoblins
  3 jackals (D:3)
  5 quokkas
  5 bats
  2 frilled lizards
  12 kobolds
  3 rats
281 creatures vanquished.

Notes
Turn   | Place    | Note
-------+----------+-------------------------------------------
     0 | D:1      | bronco the Mountain Dwarf Monk began the quest for the Orb.
     0 | D:1      | Reached XP level 1. HP: 19/19 MP: 1/1
    94 | D:1      | Reached XP level 2. HP: 20/26 MP: 2/2
   563 | D:2      | Found a runed translucent door.
   564 | D:2      | Noticed Crazy Yiuf
   620 | D:2      | Reached skill level 5 in Axes
   626 | D:2      | Reached XP level 3. HP: 21/31 MP: 3/3
   758 | D:2      | Reached XP level 4. HP: 21/38 MP: 4/4
  2505 | D:3      | Reached XP level 5. HP: 45/45 MP: 5/5
  2724 | D:4      | Found Kyr Ugun's Armour Emporium.
  3133 | D:4      | Reached XP level 6. HP: 51/51 MP: 6/6
  3494 | D:4      | Reached skill level 1 in Armour
  3667 | D:4      | Found a staircase to the Ecumenical Temple.
  3677 | Temple   | Entered the Ecumenical Temple
  4056 | D:5      | Entered Level 5 of the Dungeon
  4096 | D:5      | Reached XP level 7. HP: 53/57 MP: 7/7
  4285 | D:5      | Reached skill level 5 in Armour
  5035 | D:6      | Reached XP level 8. HP: 63/63 MP: 8/8
  5325 | D:6      | Found a radiant altar of Vehumet.
  5338 | D:6      | Became a worshipper of Vehumet
  5338 | D:6      | Reached * piety under Vehumet
  5338 | D:6      | Offered knowledge of Magic Dart by Vehumet.
  5338 | D:6      | Reached ** piety under Vehumet
  5341 | D:6      | Learned a level 1 spell: Magic Dart
  5496 | D:6      | Offered knowledge of Freeze by Vehumet.
  5560 | D:6      | Noticed Prince Ribbit
  5570 | D:6      | Reached skill level 5 in Fighting
  5570 | D:6      | Killed Prince Ribbit
  5769 | D:6      | Reached skill level 1 in Spellcasting
  6152 | D:7      | Reached XP level 9. HP: 53/75 MP: 13/13
  6237 | D:7      | Found a hide-covered altar of Uskayaw.
  6483 | D:7      | Noticed a two-headed ogre
  6496 | D:7      | Killed a two-headed ogre
  6671 | D:7      | Noticed Maggie
  6691 | D:7      | Killed Maggie
  6821 | D:7      | Offered knowledge of Volatile Blastmotes by Vehumet.
  6827 | D:7      | Learned a level 3 spell: Volatile Blastmotes
  7012 | D:7      | Reached skill level 1 in Fire Magic
  7143 | D:7      | Found a shimmering blue altar of Sif Muna.
  7371 | D:7      | Found an opulent altar of Gozag.
  7466 | D:7      | Noticed Dowan
  7466 | D:7      | Noticed Duvessa
  7483 | D:7      | Killed Duvessa
  7483 | D:7      | Reached *** piety under Vehumet
  7484 | D:7      | Reached XP level 10. HP: 55/83 MP: 19/19
  7485 | D:7      | Killed Dowan
  7658 | D:7      | Found a bloodstained altar of Trog.
  7944 | D:8      | Noticed Amaemon
  7954 | D:8      | Noticed an orange demon
  8060 | D:7      | Killed Amaemon
  8323 | D:8      | Noticed Pikel
  8382 | D:8      | Killed Pikel
  8431 | D:8      | Found Fivuid's Assorted Antiques.
  8451 | D:8      | Found Ceenlome's Weapon Boutique.
  8460 | D:8      | Killed an orange demon
  8521 | D:8      | Found Qosiw's Assorted Antiques.
  8959 | D:8      | Found a viscous altar of Jiyva.
  9061 | D:8      | Found a blossoming altar of Fedhas.
  9111 | D:8      | Offered knowledge of Iskenderun's Mystic Blast by Vehumet.
  9117 | D:8      | Learned a level 4 spell: Olgreb's Toxic Radiance
  9122 | D:8      | Learned a level 4 spell: Iskenderun's Mystic Blast
  9124 | D:8      | Found Metraept's Weapon Boutique.
  9186 | D:8      | Noticed Maurice
  9313 | D:9      | Found a flagged portal.
  9343 | Bailey   | Entered a bailey
  9456 | Bailey   | Reached skill level 5 in Conjurations
  9470 | Bailey   | Reached **** piety under Vehumet
  9540 | Bailey   | Noticed a vault guard
  9580 | Bailey   | Killed a vault guard
  9581 | Bailey   | Reached XP level 11. HP: 68/89 MP: 20/20
  9702 | Bailey   | Noticed a vault guard
  9731 | Bailey   | Killed a vault guard
 10051 | D:9      | Identified a scroll of acquirement
 10051 | D:9      | Acquired the ring of Zamong {rPois rN+ Slay+3 Stlth+}
 10273 | D:9      | Offered knowledge of Flame Wave by Vehumet.
 10356 | D:9      | Learned a level 4 spell: Flame Wave
 11178 | D:10     | Entered Level 10 of the Dungeon
 11239 | D:10     | Noticed Josephine
 11243 | D:10     | Noticed a two-headed ogre
 11269 | D:10     | Killed Josephine
 11367 | D:10     | Killed a two-headed ogre
 11440 | D:10     | Found a snail-covered altar of Cheibriados.
 11440 | D:10     | Found a shimmering altar of Xom.
 11441 | D:10     | Found a glowing golden altar of the Shining One.
 11737 | D:10     | Found a glowing silver altar of Zin.
 11875 | D:10     | Noticed a two-headed ogre
 11902 | D:10     | Killed a two-headed ogre
 12424 | D:11     | Noticed a green ugly thing
 12424 | D:11     | Noticed a boulder beetle
 12424 | D:11     | Noticed a purple ugly thing
 12424 | D:11     | Identified the +7 trident of Glamorous Innocence {freeze,
                  | rF++ rCorr Int+2}
 12424 | D:11     | Noticed a death knight
 12433 | D:11     | Identified the +5 triple sword of Wu Jian, Shimmering
                  | {freeze, SInv Stlth+}
 12435 | D:11     | Noticed a boulder beetle
 12565 | D:11     | Noticed a two-headed ogre
 12567 | D:11     | Noticed an oklob plant
 12577 | D:11     | Killed a two-headed ogre
 12578 | D:11     | Reached XP level 12. HP: 94/96 MP: 22/24
 12734 | D:11     | Noticed a death knight
 12766 | D:11     | Noticed Lodul
 12847 | D:12     | HP: 3/96 [vampire/vampiric draining (9)]
 12856 | D:12     | Noticed Fannar
 12860 | D:12     | HP: 3/96 [Fannar/+0 quarterstaff of freezing (6)]
 12860 | D:12     | HP: 1/96 [Fannar/+0 quarterstaff of freezing (2)]
 12860 | D:12     | Slain by Fannar

Illustrated notes

Levels and vault maps discovered:
D:1:      tarquinn_simple_flora_water_e, layout_rooms, moated_statue
D:2:      layout_loops_corners, minmay_tiny_reverse_x, uniq_crazy_yiuf_cottage
D:3:      kennysheep_slugbush, layout_basic, kennysheep_cross_room,
          chequers_serial_rivers_small_3
D:4:      layout_basic, minmay_temple_entry_grid, nicolae_stop_n_shop_1,
          kennysheep_nondescript, minivault_23
D:5:      layout_loops_ring
D:6:      layout_loops_ring, nicolae_vehumet_altar_sigil, uniq_prince_ribbit1
D:7:      layout_basic, lemuel_blue_sif_altar, grunt_gozag_breadcrumbs,
          mainiacjoe_overflow_small_starburst, marbit_many_paths, uniq_maggie,
          uniq_duvessa
D:8:      layout_cave_pods, fedhas_altar_decomposition, serial_shops,
          nicolae_shop_tiny_waterfront, shop, shop,
          nicolae_shop_overgrown_old_shop, jiyva_altar_1, uniq_pikel,
          uniq_amaemon, uniq_maurice
D:9:      layout_irregular_city, serial_glass, glass_columns_b, glass_columns_b,
          enter_bailey_5
D:10:     layout_gridville, nicolae_overflow_hidden_temple,
          nicolae_overflow_quartered_altars, uniq_josephine
D:11:     layout_roguey, dpeg_oklobed_lair, david_orc_3, serial_shops,
          nicolae_shop_waterfront, minivault_12, uniq_sonja, uniq_lodul,
          uniq_erica
D:12:     layout_loops_cross, st_stairs_3, grunt_ministairs_15, uniq_psyche,
          uniq_fannar, uniq_azrael
Temple:   nicolae_temple_bog_church

Skill      XL: |  1  2  3  4  5  6  7  8  9 10 11 |
---------------+----------------------------------+-----
Axes           | 4 5 7 8 |  8.6
Armour         | 3 7 8 |  8.0
Fighting       | 6 |  6.2
Spellcasting   | 3 6 8 |  8.9
Conjurations   | 3 6 8 |  8.5
Fire Magic     | 3 6 8 |  8.2
Alchemy        | 4 |  4.7
Dodging        | |  2.1

Action                     |  1- 3 |  4- 6 |  7- 9 | 10-12 || total
---------------------------+-------+-------+-------+-------++-------
  Melee: Hand axe          |    63 |   138 |       |       ||   201
         Dagger            |       |    10 |       |       ||    10
         War axe           |       |    52 |   208 |    56 ||   316
         Demon whip        |       |       |       |   250 ||   250
   Fire: Arbalest          |       |    17 |    74 |    96 ||   187
  Throw: Stone             |     1 |    24 |       |       ||    25
         Boomerang         |       |    19 |     4 |       ||    23
         Throwing net      |       |       |     5 |       ||     5
         Javelin           |       |       |     2 |       ||     2
   Cast: Magic Dart        |       |       |       |    16 ||    16
         Olgreb's Toxic Ra |       |       |       |    30 ||    30
         Volatile Blastmot |       |       |       |    18 ||    18
         Iskenderun's Myst |       |       |       |    12 ||    12
         Flame Wave        |       |       |       |     3 ||     3
  Evoke: Wand              |       |       |     6 |       ||     6
    Use: Potion            |       |     2 |     1 |     8 ||    11
         Scroll            |       |     8 |     5 |     8 ||    21
 Armour: Robe              |    37 |    53 |       |       ||    90
         Chain mail        |       |    97 |   212 |   250 ||   559
         Troll leather arm |       |       |       |   120 ||   120
  Dodge: Dodged            |    23 |    66 |    95 |   145 ||   329
  Block: Other             |       |       |    55 |    95 ||   150
         Reflection        |       |       |     1 |     9 ||    10

Table legend: (Time is in decaauts)
 A = Elapsed time spent in this place.
 B = Non-inter-level travel time spent in this place.
 C = Inter-level travel time spent in this place.
 D = Time resting spent in this place.
 E = Time spent auto-exploring this place.
 F = Levels seen in this place.
 G = Mean time per level.
                   A        B        C        D        E       F      G
               +--------+--------+--------+--------+--------+-----+--------+
         Total |  13045 |  12361 |    684 |   2115 |   7422 |  14 |  931.8 |
       Dungeon |  12465 |  11781 |    684 |   1807 |   7356 |  12 | 1038.8 |
        Temple |      1 |      1 |      0 |      0 |      0 |   1 |    1.0 |
        Bailey |    578 |    578 |      0 |    308 |     66 |   1 |  578.0 |
               +--------+--------+--------+--------+--------+-----+--------+

Top non-repeatable levels by time:
     D:7: 2193 daAuts
     D:9: 1428 daAuts
     D:3: 1395 daAuts
     D:2: 1174 daAuts
     D:5: 1063 daAuts
     D:6: 1047 daAuts
     D:8: 1025 daAuts
     D:4: 975 daAuts
    D:10: 966 daAuts
    D:11: 601 daAuts
  Bailey: 578 daAuts
     D:1: 555 daAuts
    D:12: 39 daAuts
  Temple: 1 daAuts
